 Dungeon Sprint DCSS version 0.18.1-50-g88ac8fd (webtiles) character file.

415 varam the Thaumaturge (level 6, 32/32 HPs)
             Began as a Gargoyle Earth Elementalist on Oct 10, 2016.
             Was a Follower of Vehumet.
             Quit the game in the Dungeon (Sprint V: "Ziggurat Sprint").
             The game lasted 00:04:25 (425 turns).

varam the Thaumaturge (Gargoyle Earth Elementalist)  Turns: 425, Time: 00:04:26

Health: 32/32      AC: 11    Str: 11    XL:     6   Next: 91%
Magic:  19/19      EV: 12    Int: 18    God:    Vehumet [*.....]
Gold:   0          SH:  0    Dex: 10    Spells: 4 memorised, 13 levels left

rFire  + . .     SeeInvis .     q - +8 lance "Wyrmbane" {slay drac, +Rage rPois rF+ AC+5}
rCold  . . .     Gourm    .     a - +0 robe
rNeg   + . .     Faith    .     (no shield)
rPois  ∞         Spirit   .     (no helmet)
rElec  +         Dismiss  .     (no cloak)
rCorr  .         Reflect  .     (no gloves)
SustAt .         Harm     .     (no boots)
MR     .....     NoTele   +     (no amulet)
Stlth  ++........               (no ring)
                                (no ring)

@: not resistant to hostile enchantments, unstealthy
A: negative energy resistance 1, electricity resistance, unbreathing,
petrification resistance, rot immunity, AC +4
a: Renounce Religion, Evoke Berserk Rage


You were in the Dungeon.
You worshipped Vehumet.
Vehumet was aware of your devotion.
You were not hungry.

You visited 1 branch

Inventory:

Hand Weapons
 l - the cursed +14 obsidian axe {chop, +Fly Str+3 SInv *Curse}
   (You found it in the Dungeon)

   It inflicts extra damage upon your enemies.
   It affects your strength (+3).
   It lets you see invisible.
   It lets you fly.
   It may re-curse itself when equipped.
   It has a curse placed upon it.
 m - the +6 Majin-Bo {vamp, Archmagi MP+6 Int+6}
   (You found it in the Dungeon)

   It inflicts no extra harm, but heals its wielder somewhat when it strikes a
   living foe.
   It affects your intelligence (+6).
   It affects your magic capacity (+6).
 q - the +8 lance "Wyrmbane" (weapon) {slay drac, +Rage rPois rF+ AC+5}
   (You found it in the Dungeon)

   It affects your AC (+5).
   It protects you from fire.
   It protects you from poison.
   It lets you go berserk.
 y - a +5 demon whip
Missiles
 b - 20 stones (quivered)
Armour
 a - a +0 robe (worn)
 k - a +5 crystal plate armour
 n - the +18 shield of the gong {rElec rN+ MR+ EV-5}
   (You found it in the Dungeon)

   It affects your evasion (-5).
   It insulates you from electricity.
   It protects you from negative energy.
   It affects your resistance to hostile enchantments.
Scrolls
 j - 4 scrolls of blinking
 r - 4 scrolls of amnesia
 s - 3 scrolls of recharging
 t - 7 scrolls of fog
 u - a scroll of holy word
 v - 5 scrolls of identify
 w - 5 scrolls of remove curse
 x - 2 scrolls of fear
Potions
 e - 10 potions of curing
 f - 10 potions of heal wounds
 g - 6 potions of haste
 h - 7 potions of magic
 i - 3 potions of berserk rage
 z - 2 potions of brilliance
 A - 2 potions of invisibility
 B - 4 potions of resistance
 C - a potion of experience
 D - 5 potions of agility
 E - 5 potions of might
Books
 c - a book of Geomancy

   Spells                             Type                      Level
   a - Sandblast                      Earth                        1
   b - Passwall                       Transmutation/Earth          2
   c - Stone Arrow                    Conjuration/Earth            3
   d - Petrify                        Transmutation/Earth          4
   e - Lee's Rapid Deconstruction     Earth                        5
 G - a book of Party Tricks

   Spells                             Type                      Level
   a - Summon Butterflies             Summoning                    1
   b - Apportation                    Translocation                1
   c - Tukima's Dance                 Hexes                        3
   d - Alistair's Intoxication        Transmutation/Poison         5
   e - Invisibility                   Hexes                        6
Comestibles
 d - 5 bread rations
 o - 42 fruits
 p - 4 meat rations


   Skills:
 - Level 1.5 Dodging
 - Level 2.1 Stealth
 * Level 10.8 Spellcasting
 - Level 0.7 Transmutations
 + Level 10.4 Earth Magic


You had 13 spell levels left.
You knew the following spells:

 Your Spells              Type           Power        Failure   Level  Hunger
a - Sandblast             Erth           #####.       1%          1    None
b - Stone Arrow           Conj/Erth      ####..       2%          3    None
c - Lee's Rapid Deconstr  Erth           #####.....   2%          5    #####..
d - Petrify               Trmt/Erth      ####....     10%         4    ##.....


Dungeon Overview and Level Annotations

Branches:
Dungeon (1/1)

Altars:
Ashenzari
Cheibriados
Dithmenos
Elyvilon
Fedhas
Gozag
Kikubaaqudgha
Makhleb
Nemelex Xobeh
Okawaru
Pakellas
Qazlal
Ru
Sif Muna
Trog
Vehumet
Xom
Yredelemnul
Zin
The Shining One
Beogh
Jiyva
Lugonu


Innate Abilities, Weirdness & Mutations

You are resistant to torment.
Your stone body is resilient (AC +4).
You are immune to poison.
You resist negative energy.
You are resistant to electric shocks.
You can survive without breathing.
You are immune to petrification.
You are immune to rotting.


Message History

Wear which item? (? for menu, Esc to quit)
You start removing your armour.
You continue taking off your +5 crystal plate armour. x4
You finish taking off your +5 crystal plate armour.
You start putting on your armour.
You continue putting on your +0 robe. x5
You finish putting on your +0 robe.
You aren't carrying any pieces of jewellery.
Take off which item? (? for menu, Esc to quit)
You don't have any such object.
Take off which item? (? for menu, Esc to quit)
Okay, then.
Take off which item? (? for menu, Esc to quit)
You start removing your armour.
You continue taking off the +18 shield of the gong {rElec rN+ MR+ EV-5}. x4
You finish taking off the +18 shield of the gong {rElec rN+ MR+ EV-5}.
You aren't carrying any pieces of jewellery.
Unknown command.
You aren't carrying any pieces of jewellery.
Unknown command.
Are you sure you want to abandon this character and quit the game? (Confirm with "yes".)

▓▓▓▓▓▓▓▓▓▓▓▓▓
▓.8©8.▓.8©8.▓
▓.[.).▓.....▓
▓..@..▓.).[.▓
▓.....▓.....▓
▓.....▓.....▓
▓...†.▓.....▓
▓.....▓▓▓▓▓▓▓
▓▓▓▓▓▓▓


There were no monsters in sight!

Vanquished Creatures
  A human (shapeshifter) (D)
  A steam dragon (shapeshifter) (D)
  A boggart (shapeshifter) (D)
  A giant frog (D)
  A jackal (D)
5 creatures vanquished.

Notes
Turn   | Place    | Note
--------------------------------------------------------------
     0 | D        | varam the Gargoyle Earth Elementalist began the quest for the Orb.
     0 | D        | Reached XP level 1. HP: 10/10 MP: 3/3
     0 | D        | Found an iron altar of Okawaru.
     0 | D        | Found a burning altar of Makhleb.
     0 | D        | Found a radiant altar of Vehumet.
     0 | D        | Found a deep blue altar of Sif Muna.
     0 | D        | Found a shimmering altar of Xom.
     0 | D        | Found a bloodstained altar of Trog.
     8 | D        | Became a worshipper of Vehumet
    13 | D        | Found a white marble altar of Elyvilon.
    13 | D        | Found a sparkling altar of Nemelex Xobeh.
    13 | D        | Found a corrupted altar of Lugonu.
    13 | D        | Found a roughly hewn altar of Beogh.
    13 | D        | Found a viscous altar of Jiyva.
   146 | D        | Entered arena 1.
   146 | D        | Noticed a giant frog
   154 | D        | Killed a giant frog
   154 | D        | Reached XP level 2. HP: 11/15 MP: 3/9
   154 | D        | Reached XP level 3. HP: 14/19 MP: 3/10
   154 | D        | Reached XP level 4. HP: 18/24 MP: 3/12
   226 | D        | Entered arena 2.
   226 | D        | Noticed a black mamba
   226 | D        | Noticed a wyvern
   226 | D        | Noticed a fire bat
   229 | D        | Noticed a wolf
   229 | D        | a wyvern changed into a wolf
   242 | D        | Noticed a boggart
   242 | D        | a wolf changed into a boggart
   243 | D        | Killed a boggart
   243 | D        | Reached * piety under Vehumet
   243 | D        | Offered knowledge of Sting by Vehumet.
   243 | D        | Reached XP level 5. HP: 17/28 MP: 13/15
   245 | D        | Noticed a steam dragon
   245 | D        | a fire bat changed into a steam dragon
   246 | D        | Noticed a human
   246 | D        | a black mamba changed into a human
   249 | D        | Killed a steam dragon
   249 | D        | Reached XP level 6. HP: 20/32 MP: 13/18
   263 | D        | Killed a human
   263 | D        | Reached skill level 10 in Spellcasting
   263 | D        | Reached skill level 10 in Earth Magic
   268 | D        | Learned a level 3 spell: Stone Arrow
   274 | D        | Learned a level 5 spell: Lee's Rapid Deconstruction
   279 | D        | Learned a level 4 spell: Petrify
   425 | D        | Quit the game

Skill      XL: |  1  2  3  4  5  6 |
---------------+-------------------+-----
Spellcasting   | 6 7 9 10 | 10.8
Earth Magic    | 6 7 9 10 | 10.4
Dodging        | |  1.5
Stealth        | |  2.1
Transmutations | |  0.7

Action                   |  1- 3 |  4- 6 || total
-------------------------+-------+-------++-------
Melee: Lance             |     7 |    37 ||    44
 Abil: Evoke Berserk Rag |       |     1 ||     1
Armor: Crystal plate arm |     9 |    28 ||    37
Block: Shield            |    12 |    56 ||    68
